APL (24 & UNDER)
SCOTTSDALE SCORPIONS @ DETROIT DIRTY SNOW
08/26/2027
 
TOP OF THE 1ST
Scottsdale Scorpions batting - Pitching for Detroit Dirty Snow : RHP Drake Williams
Pitching: RHP Drake Williams
Batting: LHB José Garza 0-0: Foul Ball, location: 2F
0-1: Fly out, F9 (Flyball, 9)
Batting: LHB Alberto Roberts 0-0: SINGLE (Groundball, 56D)
Batting: SHB Ralph Robison Pickoff Throw to First - Error! E1
Alberto Roberts to second
0-0: Foul Ball, location: 2F
0-1: Ball
1-1: Swinging Strike
1-2: Ball
2-2: Fly out, F7 (Flyball, 78M)
Batting: LHB Sergio Fernández 0-0: Ball
1-0: TRIPLE (Flyball, 89XD)
Alberto Roberts scores
Batting: RHB Edgardo Gonzáles 0-0: Swinging Strike
0-1: Foul Ball, location: 2F
0-2: Ball
1-2: Fly out, F9 (Flyball, 9S)
Top of the 1st over - 1 run(s), 2 hit(s), 1 error(s), 1 left on base; Scottsdale 1 - Detroit 0
BOTTOM OF THE 1ST
Detroit Dirty Snow batting - Pitching for Scottsdale Scorpions : RHP Alejandro Guzmán
Pitching: RHP Alejandro Guzmán
Batting: RHB Kelsey Scott 0-0: Called Strike
0-1: Swinging Strike
0-2: Ball
1-2: Strikes out swinging
Batting: RHB Phil Wright 0-0: Foul Ball, location: 2F
0-1: Ball
1-1: Swinging Strike
1-2: Ball
2-2: Strikes out swinging
Batting: RHB Paul Liddle 0-0: Called Strike
0-1: Ball
1-1: Ball
2-1: Ground out 4-3 (Groundball, 4)
Bottom of the 1st over - 0 run(s), 0 hit(s), 0 error(s), 0 left on base; Scottsdale 1 - Detroit 0
TOP OF THE 2ND
Scottsdale Scorpions batting - Pitching for Detroit Dirty Snow : RHP Drake Williams
Batting: RHB Ronald Smith 0-0: Called Strike
0-1: Swinging Strike
0-2: Ball
1-2: Ball
2-2: SINGLE (Line Drive, 9LS)
Batting: RHB Jaime Delgado 0-0: Swinging Strike
0-1: Foul Ball, location: 2F
0-2: Ball
1-2: Ball
2-2: Foul Ball, location: 2F
2-2: Foul Ball, location: 2F
2-2: Ball
3-2: Grounds into double play, 6-4-3 (Groundball, 6)
Batting: RHB Miguel Ramos 0-0: Ball
1-0: Ball
2-0: Called Strike
2-1: Foul Ball, location: 2F
2-2: Strikes out looking
Top of the 2nd over - 0 run(s), 1 hit(s), 0 error(s), 0 left on base; Scottsdale 1 - Detroit 0
BOTTOM OF THE 2ND
Detroit Dirty Snow batting - Pitching for Scottsdale Scorpions : RHP Alejandro Guzmán
Batting: RHB Arturo Jiménez 0-0: Called Strike
0-1: Foul Ball, location: 2F
0-2: Ground out 6-3 (Groundball, 6)
Batting: RHB Carlos Salas 0-0: Called Strike
0-1: Ground out 6-3 (Groundball, 6S)
Batting: RHB Charlie O'Farrell 0-0: Ball
1-0: Ball
2-0: Called Strike
2-1: Foul Ball, location: 2F
2-2: Strikes out swinging
Bottom of the 2nd over - 0 run(s), 0 hit(s), 0 error(s), 0 left on base; Scottsdale 1 - Detroit 0
TOP OF THE 3RD
Scottsdale Scorpions batting - Pitching for Detroit Dirty Snow : RHP Drake Williams
Batting: SHB Luis López 0-0: Called Strike
0-1: SINGLE (Groundball, 6MD)
Batting: LHB José Garza 0-0: Called Strike
0-1: Grounds into double play, 5-4-3 (Groundball, 5L)
Batting: LHB Alberto Roberts 0-0: Called Strike
0-1: Ball
1-1: Fly out, F7 (Flyball, 7LM)
Top of the 3rd over - 0 run(s), 1 hit(s), 0 error(s), 0 left on base; Scottsdale 1 - Detroit 0
BOTTOM OF THE 3RD
Detroit Dirty Snow batting - Pitching for Scottsdale Scorpions : RHP Alejandro Guzmán
Batting: RHB Carlos Rocha 0-0: Ball
1-0: Ball
2-0: Ball
3-0: Called Strike
3-1: Foul Ball, location: 2F
3-2: Base on Balls
Batting: RHB Cristo Souza 0-0: Fly out, F9 (Flyball, 9)
Batting: RHB Jorge López 0-0: Ball
1-0: SINGLE (Groundball, 4MD)
Carlos Rocha to second
Batting: RHB Kelsey Scott 0-0: Grounds into double play, 5-4-3 (Groundball, 56)
Bottom of the 3rd over - 0 run(s), 1 hit(s), 0 error(s), 1 left on base; Scottsdale 1 - Detroit 0
TOP OF THE 4TH
Scottsdale Scorpions batting - Pitching for Detroit Dirty Snow : RHP Drake Williams
Batting: SHB Ralph Robison 0-0: Ball
1-0: Foul Ball, location: 2F
1-1: Ground out 4-3 (Groundball, 34)
Batting: LHB Sergio Fernández 0-0: Called Strike
0-1: Swinging Strike
0-2: Strikes out swinging
Batting: RHB Edgardo Gonzáles 0-0: Ball
1-0: Foul Ball, location: 2F
1-1: Ball
2-1: Foul Ball, location: 2F
2-2: Strikes out swinging
Top of the 4th over - 0 run(s), 0 hit(s), 0 error(s), 0 left on base; Scottsdale 1 - Detroit 0
BOTTOM OF THE 4TH
Detroit Dirty Snow batting - Pitching for Scottsdale Scorpions : RHP Alejandro Guzmán
Batting: RHB Phil Wright 0-0: Called Strike
0-1: SINGLE (Groundball, 2R) (infield hit)
Batting: RHB Paul Liddle 0-0: Ball
1-0: Ball
2-0: Called Strike
2-1: Fly out, F9 (Flyball, 9S)
Batting: RHB Arturo Jiménez 0-0: Called Strike
0-1: Fly out, F5 (Line Drive, 5)
Batting: RHB Carlos Salas 0-0: Ball
1-0: Called Strike
1-1: Ball
2-1: Swinging Strike
2-2: Strikes out looking
Bottom of the 4th over - 0 run(s), 1 hit(s), 0 error(s), 1 left on base; Scottsdale 1 - Detroit 0
TOP OF THE 5TH
Scottsdale Scorpions batting - Pitching for Detroit Dirty Snow : RHP Drake Williams
Batting: RHB Ronald Smith 0-0: Ball
1-0: Ball
2-0: Ball
3-0: Base on Balls
Batting: RHB Jaime Delgado 0-0: Ball
1-0: Fly out, F9 (Flyball, 9S)
Batting: RHB Miguel Ramos 0-0: Foul Ball, location: 2F
0-1: Foul Ball, location: 2F
0-2: Ball
1-2: Hit by Pitch
Ronald Smith to second
Batting: SHB Luis López 0-0: Fly out, F7 (Flyball, 7S)
Batting: LHB José Garza 0-0: SINGLE (Line Drive, 78S)
Ronald Smith to third
Miguel Ramos to second
Batting: LHB Alberto Roberts 0-0: SINGLE (Groundball, 3D)
Ronald Smith scores
Miguel Ramos to third
José Garza to second
Runner from 3rd tries for Home, SAFE, no throw
Batting: SHB Ralph Robison 0-0: Swinging Strike
0-1: Swinging Strike
0-2: Ball
1-2: Strikes out looking
Top of the 5th over - 2 run(s), 2 hit(s), 0 error(s), 2 left on base; Scottsdale 3 - Detroit 0
BOTTOM OF THE 5TH
Detroit Dirty Snow batting - Pitching for Scottsdale Scorpions : RHP Alejandro Guzmán
Batting: RHB Charlie O'Farrell 0-0: Called Strike
0-1: Ball
1-1: Foul Ball, location: 2F
1-2: Fly out, F8 (Flyball, 8RS)
Batting: RHB Carlos Rocha 0-0: Foul Ball, location: 2F
0-1: Foul Ball, location: 2F
0-2: Foul Ball, location: 2F
0-2: Ball
1-2: Strikes out swinging
Batting: RHB Cristo Souza 0-0: Ball
1-0: Called Strike
1-1: Called Strike
1-2: Foul Ball, location: 2F
1-2: Ground out 4-3 (Groundball, 4)
Bottom of the 5th over - 0 run(s), 0 hit(s), 0 error(s), 0 left on base; Scottsdale 3 - Detroit 0
TOP OF THE 6TH
Scottsdale Scorpions batting - Pitching for Detroit Dirty Snow : RHP Drake Williams
Batting: LHB Sergio Fernández 0-0: Ball
1-0: Foul Ball, location: 2F
1-1: Ball
2-1: Ball
3-1: Base on Balls
Batting: RHB Edgardo Gonzáles 0-0: Called Strike
0-1: Foul Ball, location: 2F
0-2: Strikes out swinging
Batting: RHB Ronald Smith 0-0: Ball
1-0: Called Strike
1-1: Ball
2-1: SINGLE (Groundball, 56S) (infield hit)
Sergio Fernández to second
Batting: RHB Jaime Delgado 0-0: Foul Ball, location: 2F
0-1: Called Strike
0-2: Ball
1-2: Strikes out swinging
Batting: RHB Miguel Ramos 0-0: Ball
1-0: Fielders Choice at 2nd, 6-4 (Groundball, 6)
Top of the 6th over - 0 run(s), 1 hit(s), 0 error(s), 1 left on base; Scottsdale 3 - Detroit 0
BOTTOM OF THE 6TH
Detroit Dirty Snow batting - Pitching for Scottsdale Scorpions : RHP Alejandro Guzmán
Batting: RHB Jorge López 0-0: Swinging Strike
0-1: Swinging Strike
0-2: Strikes out looking
Batting: RHB Kelsey Scott 0-0: Swinging Strike
0-1: Foul Ball, location: 2F
0-2: Ground out 4-3 (Groundball, 4)
Batting: RHB Phil Wright 0-0: Swinging Strike
0-1: Called Strike
0-2: Ball
1-2: Ball
2-2: Foul Ball, location: 2F
2-2: Foul Ball, location: 2F
2-2: Ground out 4-3 (Groundball, 4D)
Bottom of the 6th over - 0 run(s), 0 hit(s), 0 error(s), 0 left on base; Scottsdale 3 - Detroit 0
TOP OF THE 7TH
Scottsdale Scorpions batting - Pitching for Detroit Dirty Snow : RHP Drake Williams
Pitching: RHP Javier Moreno
Batting: SHB Luis López 0-0: Ground out 4-3 (Groundball, 4)
Batting: LHB José Garza 0-0: Fly out, F6 (Popup, 56D)
Batting: LHB Alberto Roberts 0-0: Fly out, F7 (Flyball, 7LS)
Top of the 7th over - 0 run(s), 0 hit(s), 0 error(s), 0 left on base; Scottsdale 3 - Detroit 0
BOTTOM OF THE 7TH
Detroit Dirty Snow batting - Pitching for Scottsdale Scorpions : RHP Alejandro Guzmán
Batting: RHB Paul Liddle 0-0: Ball
1-0: Ball
2-0: Called Strike
2-1: Ball
3-1: Called Strike
3-2: SINGLE (Popup, 34D)
Batting: RHB Arturo Jiménez 0-0: Called Strike
0-1: Ball
1-1: Foul Ball, location: 2F
1-2: Grounds into double play, 5-4-3 (Groundball, 56)
Batting: RHB Carlos Salas 0-0: Foul Ball, location: 2F
0-1: Foul Ball, location: 2F
0-2: Ball
1-2: Fly out, F7 (Flyball, 7S)
Bottom of the 7th over - 0 run(s), 1 hit(s), 0 error(s), 0 left on base; Scottsdale 3 - Detroit 0
TOP OF THE 8TH
Scottsdale Scorpions batting - Pitching for Detroit Dirty Snow : RHP Javier Moreno
Batting: SHB Ralph Robison 0-0: Ball
1-0: Called Strike
1-1: Ball
2-1: Swinging Strike
2-2: Foul Ball, location: 2F
2-2: Strikes out looking
Batting: LHB Sergio Fernández 0-0: SINGLE (Line Drive, 89S)
Batting: RHB Edgardo Gonzáles 0-0: Called Strike
0-1: Ball
1-1: Fly out, F8 (Line Drive, 8RD)
Batting: RHB Ronald Smith 0-0: Called Strike
0-1: Swinging Strike
0-2: Ball
1-2: Strikes out swinging
Top of the 8th over - 0 run(s), 1 hit(s), 0 error(s), 1 left on base; Scottsdale 3 - Detroit 0
BOTTOM OF THE 8TH
Detroit Dirty Snow batting - Pitching for Scottsdale Scorpions : RHP Alejandro Guzmán
Pitching: RHP Martin Miller
Batting: RHB Charlie O'Farrell 0-0: Called Strike
0-1: SINGLE (Groundball, 6) (infield hit)
Pitching: RHP Billy O'Neal
Batting: RHB Carlos Rocha 0-0: Called Strike
0-1: Called Strike
0-2: Ball
1-2: Ball
2-2: Strikes out swinging
Batting: RHB Cristo Souza 0-0: Foul Ball, location: 2F
0-1: Ball
1-1: Called Strike
1-2: Fly out, F8 (Flyball, 8LM)
Batting: RHB Jorge López 0-0: Called Strike
0-1: Swinging Strike
0-2: Strikes out swinging
Bottom of the 8th over - 0 run(s), 1 hit(s), 0 error(s), 1 left on base; Scottsdale 3 - Detroit 0
TOP OF THE 9TH
Scottsdale Scorpions batting - Pitching for Detroit Dirty Snow : RHP Javier Moreno
Batting: RHB Jaime Delgado 0-0: Ball
1-0: Swinging Strike
1-1: Ball
2-1: Ball
3-1: Base on Balls
Batting: RHB Miguel Ramos 0-0: Called Strike
Jaime Delgado steals 2nd base
0-1: Called Strike
Jaime Delgado steals 3rd base
0-2: Foul Ball, location: 2F
0-2: Strikes out swinging
Batting: SHB Luis López 0-0: Ball
1-0: Ball
2-0: SINGLE (Line Drive, 78S)
Jaime Delgado scores
Batting: LHB José Garza 0-0: Fielders Choice at 2nd, 4-6 (Groundball, 4)
Batting: LHB Alberto Roberts 0-0: Called Strike
José Garza is caught stealing 2nd base
Top of the 9th over - 1 run(s), 1 hit(s), 0 error(s), 0 left on base; Scottsdale 4 - Detroit 0
BOTTOM OF THE 9TH
Detroit Dirty Snow batting - Pitching for Scottsdale Scorpions : RHP Billy O'Neal
Batting: RHB Kelsey Scott 0-0: Ball
1-0: Foul Ball, location: 2F
1-1: Foul Ball, location: 2F
1-2: Foul Ball, location: 2F
1-2: Ball
2-2: Ball
3-2: DOUBLE (Flyball, 9LM)
Batting: RHB Phil Wright 0-0: Ball
1-0: Ground out 5-3 (Groundball, 56)
Batting: RHB Paul Liddle 0-0: Ball
1-0: Ground out 5-3 (Groundball, 2L)
Kelsey Scott to third
Batting: RHB Arturo Jiménez 0-0: Swinging Strike
0-1: Called Strike
0-2: Strikes out looking
Bottom of the 9th over - 0 run(s), 1 hit(s), 0 error(s), 1 left on base; Scottsdale 4 - Detroit 0
Thursday, March 30th, 2017 - OOTP Baseball 17.12 Build 75